General information
			
			
        
        - name: BNet
 
        - type: Ladder 1vs1/FFA
 
        - host: Battle.net
 
        - saver: Oj-Seb
 
        
map: TurtleRock 
        - players: 2
 
        - length: 22:34
 
        - speed: Fast
 - version: 1.22 W3XP
 - replay type:  Public
 
» download(69 KB)
Players
        team 1 (winner) 
              
              
Oj-Seb (
blue | 69 APM | 1560 actions | 22:34)
              
 6 Warden 
 3 Shadow Strike
 2 Blink
 1 Spirit of Vengeance
 5 Keeper of the Grove 
 3 Entangling Roots
 2 Thorns Aura
 
                » actions 
                
                | Basic commands | 12 |  | 
| Build / train | 74 |  | 
| Enter build submenu | 17 |  | 
| Enter hero's abilities submenu | 11 |  | 
| Give item / drop item | 3 |  | 
| Right click | 946 |  | 
| Select / deselect | 408 |  | 
| Use ability | 89 |  | 
                1560 total
 » units 
                
                | Wisp | 12 |  | 
| Archer | 7 |  | 
| Druid of the Talon | 15 |  | 
| Dryad | 8 |  | 
| Huntress | 6 |  | 
                48 total
 » upgrades
                
                | Druid of the Talon Training | 2 |  | 
| Abolish Magic | 1 |  | 
                3 total
 » buildings
                
                | Altar of Elders | 1 |  | 
| Moon Well | 6 |  | 
| Ancient of War | 1 |  | 
| Tree of Ages | 1 |  | 
| Hunter's Hall | 1 |  | 
| Ancient of Wonders | 1 |  | 
| Ancient of Wind | 2 |  | 
| Ancient of Lore | 1 |  | 
| Tree of Eternity | 1 |  | 
| Tree of Life | 1 |  | 
| Ancient Protector | 1 |  | 
                17 total
 » build order
                00:06 Altar of Elders
00:09 Moon Well
00:30 Ancient of War
01:43 Moon Well
02:34 Tree of Ages
02:58 Moon Well
03:34 Moon Well
03:54 Hunter's Hall
04:06 Ancient of Wonders
05:41 Ancient of Wind
06:45 Ancient of Wind
06:53 Ancient of Lore
08:34 Moon Well
12:47 Moon Well
12:58 Tree of Eternity
19:30 Tree of Life
20:34 Ancient Protector
» items
                
                | Boots of Speed | 1 |  | 
| Scroll of Healing | 1 |  | 
| Staff of Teleportation | 1 |  | 
| Orb of Venom | 1 |  | 
| Potion of Healing | 2 |  | 
| Potion of Mana | 1 |  | 
| Moonstone | 1 |  | 
                8 total
  
               team 2 (loser) 
              
              
AxXis_ (
yellow | 54 APM | 1220 actions | 22:32)
              
 5 Blademaster 
 3 Critical Strike
 2 Wind Walk
 5 Firelord 
 2 Summon Lava Spawn
 3 Soul Burn
 
                » actions 
                
                | Build / train | 81 |  | 
| Enter build submenu | 14 |  | 
| Enter hero's abilities submenu | 11 |  | 
| Give item / drop item | 1 |  | 
| Remove unit from queue | 2 |  | 
| Right click | 664 |  | 
| Select / deselect | 382 |  | 
| Use ability | 65 |  | 
                1220 total
 » units 
                
                | Peon | 9 |  | 
| Grunt | 13 |  | 
| Troll Headhunter/Berserker | 3 |  | 
| Shaman | 8 |  | 
| Raider | 12 |  | 
| Kodo Beast | 1 |  | 
                46 total
 » upgrades
                
                | Armor | 1 |  | 
| Berserker Strength | 1 |  | 
| Shaman Training | 2 |  | 
| Witch Doctor Training | 0 |  | 
| Ensnare | 1 |  | 
                5 total
 » buildings
                
                | Altar of Storms | 1 |  | 
| Orc Burrow | 6 |  | 
| Barracks | 1 |  | 
| Voodoo Lounge | 1 |  | 
| Stronghold | 1 |  | 
| War Mill | 1 |  | 
| Spirit Lodge | 1 |  | 
| Beastiary | 1 |  | 
| Fortress | 1 |  | 
                14 total
 » build order
                00:12 Altar of Storms
00:23 Orc Burrow
00:50 Barracks
01:33 Orc Burrow
01:56 Voodoo Lounge
02:52 Stronghold
03:36 War Mill
03:53 Orc Burrow
04:43 Orc Burrow
06:15 Spirit Lodge
06:56 Beastiary
07:54 Fortress
07:58 Orc Burrow
09:34 Orc Burrow
» items
                
                | Healing Salve | 5 |  | 
| Potion of Healing | 5 |  | 
| Potion of Lesser Invulnerability | 1 |  | 
| Scroll of Speed | 2 |  | 
| Orb of Lightning | 1 |  | 
                14 total
  
                Chat log
          
(18:40 / All) AxXis_: how the fuck is that
(18:46 / All) Oj-Seb: ?
(22:08 / All) AxXis_: wtf is this shit
(22:09 / All) AxXis_: omfg
(22:11 / All) Oj-Seb: gg
(22:19 / All) AxXis_: w/e dude
(22:21 / All) AxXis_: u got so lucky
(22:26 / All) Oj-Seb: uh
(22:26 / All) AxXis_: i missed TWO pots
(22:28 / All) Oj-Seb: okay :/
(22:30 / All) AxXis_: WOW